AoeStats
← [ KOF ] M. Kowalski

Arena

509482254Analyzed
2v2 RM · 4d ago on Sep 26, 2026· 64m 49s· 4 players
Game mode
Random Map
Map size
Medium (4 player)
Population
200
Speed
Normal
Resources
Standard
Victory
Conquest
Starting age
Dark Age
Ending age
Imperial Age
RankedLock teamsTeams togetherTeam positionsShared explorationLock speedFull tech treeHidden civsTurbo modeCheats
Victory
Defeat
🇺🇸 Poles · United States
1300
+17
🇦🇷 Turks · Argentina
1300
+18
🇪🇸 Sicilians · Spain
1350
-18
🇺🇸 Ethiopians · United States
1316
-17
DIGGS
10:38 Feudal Age
11:41 Double-Bit Axe
11:37 Horse Collar
14:42 Castle Age
13:51 Loom
15:43 Bow Saw
15:34 Heavy Plow
26:29 Wheelbarrow
29:50 Imperial Age
28:26 Fletching
28:34 Fletching
28:45 Padded Archer Armor
28:56 Gold Mining
29:16 Bodkin Arrow
30:13 Hand Cart
30:18 Leather Archer Armor
29:48 Crossbowman
30:54 Ballistics
31:00 Conscription
30:43 Bracer
31:45 Chemistry
31:08 Elite Skirmisher
33:40 Thumb Ring
34:37 Pikeman
35:07 Arbalester
40:24 Crop Rotation
40:40 Scale Barding Armor
40:45 Forging
41:29 Lechitic Legacy
41:54 Scale Mail Armor
42:26 Bloodlines
42:16 Husbandry
41:39 Light Cavalry
43:59 Chain Barding Armor
44:14 Iron Casting
44:38 Winged Hussar
46:33 Siege Engineers
46:39 Masonry
49:12 Blast Furnace
49:52 Stone Mining
51:11 Treadmill Crane
61:12 Szlachta Privileges
60:30 Cavalier
62:57 Murder Holes
63:13 Fortified Wall
[ KOF ] M. Kowalski
9:00 Loom
10:45 Feudal Age
12:35 Fletching
28:22 Double-Bit Axe
33:14 Horse Collar
37:00 Castle Age
36:22 Stone Mining
37:34 Gold Mining
38:40 Bow Saw
40:05 Wheelbarrow
39:51 Heavy Plow
46:03 Imperial Age
45:30 Gold Shaft Mining
45:13 Hand Cart
45:29 Town Watch
45:48 Bodkin Arrow
46:25 Masonry
53:37 Architecture
53:28 Fortified Wall
55:40 Padded Archer Armor
57:56 Treadmill Crane
60:37 Bracer
61:14 Scale Barding Armor
61:20 Forging
62:18 Bloodlines
62:09 Husbandry
63:27 Chain Barding Armor
63:43 Iron Casting
64:44 Plate Barding Armor
65:39 Two-Man Saw
mEriEndo
10:54 Feudal Age
12:06 Double-Bit Axe
14:55 Castle Age
13:09 Horse Collar
16:09 Bow Saw
17:26 Heavy Plow
18:52 Wheelbarrow
22:29 Hand Cart
22:19 Loom
23:56 Gold Mining
23:56 Stone Mining
25:25 Fortified Wall
26:07 Gold Shaft Mining
26:26 Stone Shaft Mining
29:19 Imperial Age
26:53 Loom
27:08 Town Watch
27:31 Padded Archer Armor
27:21 Fletching
28:19 Scale Barding Armor
28:25 Forging
29:49 Chain Barding Armor
29:24 Cavalier
30:05 Husbandry
30:54 Iron Casting
35:44 Blast Furnace
34:41 Light Cavalry
36:45 Chemistry
36:44 Coinage
37:00 Hussar
38:28 Banking
37:49 Onager
38:34 Heavy Scorpion
40:16 Ballistics
40:13 Bodkin Arrow
40:33 Leather Archer Armor
40:14 Elite Skirmisher
41:00 Thumb Ring
41:09 Masonry
41:14 Town Patrol
41:58 Bracer
43:07 Ring Archer Armor
42:47 Crossbowman
45:07 Conscription
45:24 Squires
44:45 Halberdier
45:26 Scale Mail Armor
45:04 Crossbowman
51:27 Chain Mail Armor
54:55 Two-Man Saw
54:37 Plate Mail Armor
Aspirante
7:53 Loom
9:52 Loom
30:04 Feudal Age
35:36 Castle Age
33:31 Double-Bit Axe
34:05 Horse Collar
39:34 Stone Mining
40:14 Heavy Plow
40:43 Gold Mining
42:36 Wheelbarrow
42:08 Scale Mail Armor
45:38 Imperial Age
44:50 Fletching
46:56 Chain Mail Armor
46:51 Forging
46:52 Pikeman
47:34 Squires
48:18 Plate Mail Armor
47:52 Arson
47:51 Halberdier
48:23 Arson
49:15 Iron Casting
52:40 Blast Furnace
53:44 Capped Ram
55:41 Bow Saw
55:39 Bodkin Arrow
55:45 Padded Archer Armor
55:51 Elite Skirmisher
57:43 Chemistry
57:03 Ballistics
57:40 Town Watch
61:03 Bracer
61:18 Leather Archer Armor
Connection lost

Rejoining the realm…

Still unreachable

The connection could not be restored.

Session expired

The server has moved on; the page needs a fresh start.